 Dungeon Crawl Stone Soup version 0.17-a0-1533-g2f57bce (webtiles) character file.

45 Lathuz the Cudgeler (level 3, 31/31 HPs)
             Began as a Minotaur Berserker on June 22, 2015.
             Was a Follower of Trog.
             Quit the game on level 2 of the Dungeon on July 16, 2015.
             The game lasted 00:03:49 (1936 turns).

Lathuz the Cudgeler (Minotaur Berserker)            Turns: 1936, Time: 00:03:49

Health: 31/31      AC:  8    Str: 21    XL:     3   Next: 42%
Magic:  2/2        EV:  8    Int:  4    God:    Trog [*.....]
Gold:   126        SH:  0    Dex: 10    Spells: 0 memorised, 2 levels left

rFire  . . .     SeeInvis .     a - +0 mace
rCold  . . .     Clarity  .     k - +0 chain mail
rNeg   . . .     SustAt   .     (no shield)
rPois  .         Gourm    .     (helmet restricted)
rElec  .         Spirit   .     (no cloak)
rCorr  .         Warding  .     (no gloves)
rMut   .         Stasis   .     (no boots)
MR     .....                    (no amulet)
Stlth  ..........               (no ring)
                                (no ring)

@: not resistant to hostile enchantments, extremely unstealthy
A: retaliatory headbutt, horns 2
a: Burn Spellbooks, Berserk, Renounce Religion


You were on level 2 of the Dungeon.
You worshipped Trog.
Trog was aware of your devotion.
You were not hungry.

You visited 1 branch of the dungeon, and saw 2 of its levels.

You collected 126 gold pieces.

Inventory:

Hand weapons
 a - a +0 mace (weapon)
Armour
 b - a +0 animal skin
 k - a +0 chain mail (worn)
Scrolls
 e - a scroll of fear {unknown}
 g - 2 scrolls of amnesia {unknown}
 j - 2 scrolls of remove curse {unknown}
 m - 2 scrolls of magic mapping {unknown}
 n - a scroll of identify {unknown}
Potions
 f - 2 potions of heal wounds {unknown}
 h - a potion of curing {unknown}
 i - a potion of flight {unknown}
 l - a potion of might {unknown}
 p - a potion of degeneration {unknown}
Comestibles
 c - a bread ration
 d - a slice of pizza
 o - 4 fruits
 q - 2 chunks of flesh


   Skills:
 - Level 3.6 Fighting
 + Level 5.4 Maces & Flails
 - Level 2.4 Armour
 - Level 2.1 Dodging


You had 2 spell levels left.
You didn't know any spells.

Dungeon Overview and Level Annotations

Branches:
Dungeon (2/15)

Altars:
Sif Muna


Innate Abilities, Weirdness & Mutations

You reflexively headbutt those who attack you in melee.
You have a pair of horns on your head.


Message History

Things that are here:
a club; a goblin corpse You butcher the goblin corpse.
q - 3 chunks of flesh You see here a club.
Eat one of 3 chunks of flesh? (ye/n/q/i?) This raw flesh tastes terrible.
You continue eating. x2
Saving game... please wait.
Welcome back, Lathuz the Minotaur Berserker.
Trog says: Kill them all!
Press ? for a list of commands and other information.
Welcome back, Lathuz the Minotaur Berserker.
Trog says: Kill them all!
Press ? for a list of commands and other information.
Are you sure you want to abandon this character and quit the game? (Confirm with "yes".)
Okay, then.
Unknown command.
Unknown command.
Are you sure you want to abandon this character and quit the game? (Confirm with "yes".)

#.# #.# #.# #.#
#.# #.#
#.########## #.#
#..........# #.#
########.#.#
#.###
#.....).#.#
#....
#.#####.#.#
##### #@# #.#.#
#)#####.#.#
#.#.....#.#
..#.#####.#
.###.#####.# #.
#.....#.# ### #
#.....#.######..
#.....#.........
#........#####..


There were no monsters in sight!

Vanquished Creatures
  An adder (D:2)
  A worm (D:2)
  A giant cockroach (D:1)
  4 goblins (D:2)
  4 hobgoblins
  2 jackals (D:2)
  3 kobolds (D:1)
  A ball python (D:2)
  5 bats
  A giant newt (D:2)
  9 rats
32 creatures vanquished.

Notes
Turn   | Place    | Note
--------------------------------------------------------------
     0 | D:1      | Lathuz the Minotaur Berserker began the quest for the Orb.
     0 | D:1      | Reached XP level 1. HP: 19/19 MP: 0/0
   253 | D:1      | Reached skill level 4 in Maces & Flails
   475 | D:1      | Reached XP level 2. HP: 20/26 MP: 1/1
  1165 | D:2      | Found a deep blue altar of Sif Muna.
  1187 | D:2      | Reached skill level 5 in Maces & Flails
  1187 | D:2      | Reached XP level 3. HP: 28/31 MP: 2/2
  1933 | D:2      | Upgraded the game from 0.17-a0-1409-ge6d9485 to 0.17-a0-1533-g2f57bce
  1936 | D:2      | Quit the game

Vault maps used:
D:1:      evilmike_arrival_crescent, lemuel_another_geyser
D:2:      overflow_temple_1_default, grunt_decor_one_mirror

Action                   || total
-------------------------++-------
Melee: Mace              ||    56
  Eat: Chunk             ||     3
